 Dungeon Crawl Stone Soup version 0.17.0-24-gcfadda4 (webtiles) character file.

355 Gargoyl the Skirmisher (level 6, -3/48 HPs)
             Began as a Demonspawn Abyssal Knight on Nov 18, 2015.
             Was a Believer of Lugonu.
             Slain by an ogre
             ... wielding a +0 giant club
              (19 damage)
             ... on level 4 of the Dungeon.
             The game lasted 00:06:58 (3876 turns).

Gargoyl the Skirmisher (Demonspawn Abyssal Knight)  Turns: 3876, Time: 00:06:58

Health: -3/48      AC:  5    Str: 15    XL:     6   Next: 36%
Magic:  8/8        EV: 11    Int: 13    God:    Lugonu [**....]
Gold:   81         SH:  0    Dex: 12    Spells: 0 memorised, 5 levels left

rFire  . . .     SeeInvis .     a - +1 hand axe
rCold  . . .     Clarity  .     d - +0 ring mail
rNeg   . . .     SustAt   .     (no shield)
rPois  .         Gourm    .     (no helmet)
rElec  .         Spirit   .     (no cloak)
rCorr  .         Warding  .     (no gloves)
rMut   .         Stasis   .     (no boots)
MR     .....                    (no amulet)
Stlth  ..........               (no ring)
                                (no ring)

@: not resistant to hostile enchantments, extremely unstealthy
A: claws 1, hooves 2
a: Depart the Abyss, Bend Space, Renounce Religion


You were on level 4 of the Dungeon.
You worshipped Lugonu.
Lugonu was pleased with you.
You were not hungry.

You visited 1 branch of the dungeon, and saw 4 of its levels.
You visited the Abyss 1 time.

You collected 81 gold pieces.

Inventory:

Hand Weapons
 a - a +1 hand axe (weapon)
 c - a +0 flail
Armour
 d - a +0 ring mail (worn)
Jewellery
 h - an uncursed ring of ice {unknown}
Scrolls
 e - a scroll of identify
Potions
 g - a potion of cure mutation
 k - a potion of resistance
Comestibles
 f - a royal jelly


   Skills:
 + Level 3.9 Fighting
 + Level 3.3 Axes
 + Level 3.7 Armour
 + Level 2.7 Dodging
 + Level 0.2 Stealth
 + Level 3.2 Invocations


You had 5 spell levels left.
You didn't know any spells.

Dungeon Overview and Level Annotations

Branches:
Dungeon (4/15)
 Temple: D:4-7

Altars:


Innate Abilities, Weirdness & Mutations

You have sharp fingernails.
You have hoof-like feet.


Message History

The ogre barely misses you.
You hit the ogre.
The ogre is severely wounded.
The ogre hits you with a giant club.
You hit the ogre. You kick the ogre, but do no damage.
The ogre is severely wounded.
The ogre hits you with a giant club.
You hit the ogre. Your kick misses the ogre.
The ogre is almost dead.
You barely miss the ogre.
The ogre is almost dead.
The ogre hits you with a giant club!
* * * LOW HITPOINT WARNING * * *
You hit the ogre. Your kick misses the ogre.
The ogre is almost dead.
The ogre barely misses you.
Unknown command.
Drink which item? (? for menu, Esc to quit)
You feel better. The ogre hits you with a giant club!!
You die...

..#....... #....
#......... #....
.......... #....
.......## # #....
......... #.# ...
#.....###
#...##.####.......#
#.......#........
#......@..####...
##.....O#......#
#..#.....######
#.....##### #...#.#
#...##.. ..... ##.
..## .


You could see an ogre.

Vanquished Creatures
  The ghost of Acur the Sneak, an amateur OpAs (D:3)
  A phantom (D:3)
  Jessica (D:2)
  4 adders
  2 oozes
  A worm (D:3)
  4 giant geckos
  2 ball pythons
  2 bats
  3 giant cockroaches
  12 hobgoblins
  5 jackals
  2 quokkas (D:2)
  5 giant newts
  9 goblins
  12 kobolds
  8 rats
74 creatures vanquished.

Notes
Turn   | Place    | Note
--------------------------------------------------------------
     0 | Abyss:1  | Gargoyl the Demonspawn Abyssal Knight began the quest for the Orb.
     0 | Abyss:1  | Reached XP level 1. HP: 18/18 MP: 2/2
    52 | Abyss:1  | Noticed a neqoxec
    70 | Abyss:1  | Noticed a quasit
    71 | Abyss:1  | Noticed a crimson imp
    74 | Abyss:1  | Noticed a quasit
    76 | D:1      | Escaped the Abyss
   104 | D:1      | Reached skill level 1 in Dodging
   250 | D:1      | Reached * piety under Lugonu
   259 | D:1      | Gained mutation: You have sharp fingernails. [demonic ancestry]
   259 | D:1      | Reached XP level 2. HP: 10/24 MP: 4/4
  1013 | D:1      | Reached XP level 3. HP: 18/29 MP: 5/5
  1734 | D:2      | Noticed Jessica
  1749 | D:2      | Killed Jessica
  1947 | D:2      | Gained mutation: You have large cloven feet. [demonic ancestry]
  1947 | D:2      | Reached XP level 4. HP: 35/35 MP: 6/6
  2112 | D:2      | Reached ** piety under Lugonu
  3013 | D:3      | Noticed Acur's ghost (amateur OpAs)
  3028 | D:3      | Killed Acur's ghost
  3028 | D:3      | Reached XP level 5. HP: 18/42 MP: 7/7
  3609 | D:3      | Gained mutation: You have hoof-like feet. [demonic ancestry]
  3609 | D:3      | Reached XP level 6. HP: 46/48 MP: 8/8
  3876 | D:4      | Slain by an ogre

Action                   |  1- 3 |  4- 6 || total
-------------------------+-------+-------++-------
Melee: Hand axe          |    85 |   188 ||   273
Invok: Depart the Abyss  |     1 |       ||     1
  Use: Potion            |     3 |     3 ||     6
       Scroll            |       |     5 ||     5
  Eat: Chunk             |     4 |     4 ||     8
       Bread ration      |       |     1 ||     1
